 Dungeon Crawl Stone Soup version 0.31.0-11-ge490571c62 (webtiles) character file.

Game seed: 6723664053425278046

4 Esekla the Sneak (level 1, 19/19 HPs)
             Began as a Barachi Delver on Jan 27, 2024.
             Quit the game on level 5 of the Dungeon.
             The game lasted 00:01:24 (69 turns).

Esekla the Sneak (Barachi Delver)                     Turns: 69, Time: 00:01:25

Health: 19/19      AC:  3    Str: 13    XL:     1   Next: 60%
Magic:  1/1        EV: 12    Int: 10    God:
Gold:   18         SH:  0    Dex: 13    Spells: 0/0 levels left

rFire   . . .        a - +0 falchion
rCold   . . .        (no shield)
rNeg    . . .        b - +0 leather armour
rPois   .            (no helmet)
rElec   .            (no cloak)
rCorr   .            (no gloves)
SInv    .            (no boots)
Will    .....        (no amulet)
Stlth   ++           (no ring)
HPRegen 0.23/turn    (no ring)
MPRegen 0.07/turn

%: no passive effects
@: unable to hop, slow
A: amphibious, slowness 1, strong legs 1, +LOS
a: Hop


You were on level 5 of the Dungeon.
You visited 1 branch of the dungeon, and saw 1 of its levels.

You collected 18 gold pieces.

Inventory:

Hand Weapons
 a - a +0 falchion (weapon)
Armour
 b - a +0 leather armour (worn)
Wands
 g - a wand of digging (3)
Scrolls
 c - a scroll of fog
 d - a scroll of identify {unknown}
 e - a scroll of fear
Potions
 f - a potion of haste
 h - a potion of lignification {unknown}


   Skills:
 * Level 3.7 Fighting
 * Level 2.5 Long Blades
 + Level 2.2 Dodging
 + Level 4.6 Stealth
 * Level 0.1 Spellcasting


You couldn't memorise any spells.
You didn't know any spells.
Your spell library was empty.

Dungeon Overview and Level Annotations

Branches:
Dungeon (5/15)
 Temple: D:4-7

Altars:
Cheibriados


Innate Abilities, Weirdness & Mutations

You are amphibious.
You cover ground slowly.
You can hop short distances.
You have an extended range of vision and can be seen from far away.


Message History

You open the door.
There is an open door here.
Hop to where?
Press: ? - help, Dir - move target Boing!
The orc attacks as it pursues you! The orc hits you but does no damage.
The orc attacks as it pursues you! The orc hits you with a +0 club.
The orc attacks as it pursues you! The orc closely misses you.
The orc closely misses you.
You open the door.
A ribbon worm comes into view.
The orc barely misses you.
Found a snail-covered altar of Cheibriados.
The orc attacks as it pursues you! The orc hits you but does no damage.
There is an open door here.
You enter the shallow water.
The orc attacks as it pursues you! The orc misses you.
The orc attacks as it pursues you!
The orc splashes around in the water.
You hit the orc.
The orc is moderately wounded.
You hit the orc.
The orc is almost dead.
You slash the orc!
You kill the orc!
You hear a splash.
You completely miss the orc.
The orc splashes around in the water.
You hit the orc.
The orc is heavily wounded.
The orc splashes around in the water. x2
You closely miss the orc.
The orc is heavily wounded.
The orc closely misses you.
You hit the orc.
You kill the orc!
You hear a splash.
Things that are here:
a +0 club; an orc corpse
Things that are here:
a +0 flail; an orc corpse Are you sure you want to abandon this character and quit the game? (Confirm with "yes".)

,,,,,***,,,,,,,,,,,..#
#........#****,#####.#
#........#⌠~~###~~⌠#.#
#........#~~~~~~~~~#.#
#........#~~~#*#~~~#.#
#........##~##.##~##.##
#.<.......#~~._w#~'...#
#........##~##.##)##..#
.........#~~~###@)~#..#
.........#~~~~~~~~~#..#
.........#⌠~~###~~⌠#..#
...####..#####.#####..#
...#..#...............#
...#..#......#......#.#
...#..'......#........#
...#'##......##+#######
##...............,,,*


There were no monsters in sight!

Vanquished Creatures
  2 orcs (D:5)
2 creatures vanquished.

Notes
Turn   | Place    | Note
-------+----------+-------------------------------------------
     0 | D:5      | Esekla the Barachi Delver began the quest for the Orb.
     0 | D:5      | Reached XP level 1. HP: 18/18 MP: 1/1
    54 | D:5      | Found a snail-covered altar of Cheibriados.
    69 | D:5      | Quit the game

Illustrated notes

Levels and vault maps discovered:
D:5:      minmay_clustersquares, layout_gridville, cheibrodos_worm_habitat,
          roderic_batcave, serial_library_hellmonk_angled_corner

Action                     || total
---------------------------++-------
  Melee: Falchion          ||     7
Ability: Hop               ||     1
    Use: Scroll            ||     1
 Armour: Leather armour    ||     3
  Dodge: Dodged            ||     5
